[Event "Live Chess"]
[Site "Chess.com"]
[Date "2010.12.13"]
[Round "-"]
[White "richietamil"]
[Black "hipposcottimus"]
[Result "1-0"]
[CurrentPosition "rn1Q2k1/pp3ppp/2p5/8/5q2/6NP/PPP4K/R7 b - -"]
[Timezone "UTC"]
[ECO "A00"]
[ECOUrl "https://www.chess.com/openings/Kings-Fianchetto-Opening-1...e5-2.Bg2-d5"]
[UTCDate "2010.12.13"]
[UTCTime "18:08:26"]
[WhiteElo "1409"]
[BlackElo "1597"]
[TimeControl "60"]
[Termination "richietamil won by checkmate"]
[StartTime "18:08:26"]
[EndDate "2010.12.13"]
[EndTime "18:09:12"]
[Link "https://www.chess.com/game/live/76943650"]

1. g3 e5 2. Bg2 d5 3. e3 c6 4. Ne2 e4 5. O-O Nf6 6. h3 Bf5 7. Kh2 Bg6 8. d3 Bd6 9. dxe4 Bxg3+ 10. Nxg3 Bxe4 11. Bxe4 dxe4 12. f3 O-O 13. fxe4 Re8 14. e5 Rxe5 15. Nc3 Qc7 16. e4 Nxe4 17. Ncxe4 Rxe4 18. Rf4 Rxf4 19. Bxf4 Qxf4 20. Qd8# 1-0

[Event "Live Chess"]
[Site "Chess.com"]
[Date "2010.12.13"]
[Round "-"]
[White "BeenCan"]
[Black "hipposcottimus"]
[Result "0-1"]
[CurrentPosition "2r5/7P/1k5K/p1p3P1/Rp6/1P6/P4P2/8 w - -"]
[Timezone "UTC"]
[ECO "A06"]
[ECOUrl "https://www.chess.com/openings/Reti-Opening-Nimzowitsch-Larsen-Attack-2...Bg4-3.Bb2-Bxf3-4.exf3"]
[UTCDate "2010.12.13"]
[UTCTime "18:06:00"]
[WhiteElo "1619"]
[BlackElo "1608"]
[TimeControl "60"]
[Termination "hipposcottimus won on time"]
[StartTime "18:06:00"]
[EndDate "2010.12.13"]
[EndTime "18:08:07"]
[Link "https://www.chess.com/game/live/76942925"]

1. Nf3 d5 2. b3 Bg4 3. Bb2 Bxf3 4. exf3 Nc6 5. Be2 f5 6. O-O e5 7. c4 Nf6 8. cxd5 Nxd5 9. d4 Bd6 10. dxe5 Bxe5 11. Bxe5 Nxe5 12. Nd2 c6 13. Nc4 Nxc4 14. Bxc4 Nc7 15. Qxd8+ Rxd8 16. Rfe1+ Kd7 17. Rad1+ Kc8 18. Rxd8+ Rxd8 19. Re7 g6 20. Rxh7 Ne6 21. g3 Nd4 22. Rg7 Nxf3+ 23. Kg2 Ne5 24. Be6+ Kb8 25. h4 Re8 26. Bf7 Rf8 27. Bxg6 Nxg6 28. Rxg6 Rh8 29. Rf6 Rd8 30. Rxf5 Rd2 31. Ra5 Rb2 32. Ra4 b5 33. Ra3 Kb7 34. Kf3 Kb6 35. g4 Rc2 36. h5 Rc5 37. Kg2 Rg5 38. Kh3 Rg8 39. Kh4 b4 40. Ra4 a5 41. h6 Rh8 42. Kh5 Rh7 43. Kg6 Rh8 44. h7 Rb8 45. g5 c5 46. Kh6 Rc8 0-1

[Event "Live Chess"]
[Site "Chess.com"]
[Date "2010.12.13"]
[Round "-"]
[White "hipposcottimus"]
[Black "BeenCan"]
[Result "1-0"]
[CurrentPosition "r5k1/P1r2pbp/4p1p1/3b4/2p2P2/2P5/5QPP/R2R2K1 b - -"]
[Timezone "UTC"]
[ECO "B02"]
[ECOUrl "https://www.chess.com/openings/Alekhines-Defense-Normal-Variation-3.Nf3-d6"]
[UTCDate "2010.12.13"]
[UTCTime "18:03:34"]
[WhiteElo "1599"]
[BlackElo "1628"]
[TimeControl "60"]
[Termination "hipposcottimus won on time"]
[StartTime "18:03:34"]
[EndDate "2010.12.13"]
[EndTime "18:05:48"]
[Link "https://www.chess.com/game/live/76942291"]

1. e4 Nf6 2. e5 Nd5 3. Nf3 d6 4. Bc4 Nb6 5. Bb3 dxe5 6. Ng5 e6 7. Qe2 Qxg5 8. O-O Bd6 9. d4 exd4 10. Bxg5 O-O 11. Nd2 c5 12. Nc4 Nxc4 13. Bxc4 a6 14. a4 b5 15. axb5 Bb7 16. bxa6 Bc6 17. a7 Nd7 18. Qd2 Ne5 19. Bf4 Nxc4 20. Qd3 Bxf4 21. Qxc4 Bd6 22. c3 Bd5 23. Qa4 dxc3 24. bxc3 Be5 25. Qa5 Rfc8 26. Qa6 Rc6 27. Qa3 g6 28. Qc1 c4 29. f4 Bg7 30. Rd1 Rd6 31. Qc2 Rd7 32. Qa4 Rdd8 33. Qa5 Rdc8 34. Qa6 Rc6 35. Qa4 Rcc8 36. Qc2 Rc7 37. Qf2 1-0

[Event "Live Chess"]
[Site "Chess.com"]
[Date "2010.12.13"]
[Round "-"]
[White "BeenCan"]
[Black "hipposcottimus"]
[Result "1-0"]
[CurrentPosition "6k1/pp3p1p/6p1/3r4/6Q1/1PB5/PK3PPP/2R5 b - -"]
[Timezone "UTC"]
[ECO "A06"]
[ECOUrl "https://www.chess.com/openings/Reti-Opening-Nimzowitsch-Larsen-Attack-2...Bg4-3.e3"]
[UTCDate "2010.12.13"]
[UTCTime "18:01:56"]
[WhiteElo "1637"]
[BlackElo "1590"]
[TimeControl "60"]
[Termination "BeenCan won by resignation"]
[StartTime "18:01:56"]
[EndDate "2010.12.13"]
[EndTime "18:03:20"]
[Link "https://www.chess.com/game/live/76941822"]

1. Nf3 d5 2. b3 Bg4 3. e3 e5 4. Be2 e4 5. Nd4 Bxe2 6. Qxe2 Nc6 7. Kd1 Nxd4 8. exd4 Nf6 9. Bb2 Bd6 10. Nc3 O-O 11. d3 c5 12. dxe4 cxd4 13. Nxd5 Nxd5 14. exd5 Re8 15. Qd3 Qa5 16. c3 dxc3 17. Bxc3 Qb6 18. Kc2 Qc7 19. Rae1 Rac8 20. Kb2 Red8 21. Qd4 Bc5 22. Qg4 g6 23. Rc1 Qa5 24. Bxa5 Bb4 25. Bxb4 Rxc1 26. Rxc1 Rxd5 27. Bc3 1-0

[Event "Live Chess"]
[Site "Chess.com"]
[Date "2010.12.13"]
[Round "-"]
[White "hipposcottimus"]
[Black "BeenCan"]
[Result "0-1"]
[CurrentPosition "6k1/1p1r2pp/pK6/5p2/2P1b3/3r4/7P/8 w - -"]
[Timezone "UTC"]
[ECO "B02"]
[ECOUrl "https://www.chess.com/openings/Alekhines-Defense-Two-Pawns-Attack-3...Nb6"]
[UTCDate "2010.12.13"]
[UTCTime "17:59:23"]
[WhiteElo "1597"]
[BlackElo "1630"]
[TimeControl "60"]
[Termination "BeenCan won on time"]
[StartTime "17:59:23"]
[EndDate "2010.12.13"]
[EndTime "18:01:40"]
[Link "https://www.chess.com/game/live/76941049"]

1. e4 Nf6 2. e5 Nd5 3. c4 Nb6 4. d3 d6 5. Nc3 dxe5 6. c5 Nd5 7. Ne4 e6 8. Nf3 f5 9. Bg5 Be7 10. Bxe7 Qxe7 11. Neg5 Qxc5 12. Nxe5 Nc3 13. Qb3 Qxe5+ 14. Kd2 Nd5 15. Be2 O-O 16. Rac1 Nc6 17. Rcd1 Bd7 18. Kc1 Nf4 19. Kb1 Nd4 20. Rhe1 Nxb3 21. axb3 Nxe2 22. Rd2 Nc3+ 23. bxc3 Qxe1+ 24. Kc2 e5 25. Rd1 Qxf2+ 26. Rd2 Qe1 27. c4 Qe3 28. Rd1 Qxg5 29. Rd2 Qxd2+ 30. Kxd2 Bc6 31. Kc3 Bxg2 32. b4 e4 33. b5 exd3 34. Kxd3 Be4+ 35. Kc3 Rfd8 36. Kb4 Rd3 37. b6 a6 38. Kc5 Rc8 39. bxc7 Rxc7+ 40. Kb6 Rcd7 0-1

[Event "Live Chess"]
[Site "Chess.com"]
[Date "2010.12.13"]
[Round "-"]
[White "BeenCan"]
[Black "hipposcottimus"]
[Result "0-1"]
[CurrentPosition "4r2k/R7/5bp1/3B3p/2P5/1P1KP3/P5P1/8 w - -"]
[Timezone "UTC"]
[ECO "A06"]
[ECOUrl "https://www.chess.com/openings/Reti-Opening-Nimzowitsch-Larsen-Attack-2...Bg4-3.e3"]
[UTCDate "2010.12.13"]
[UTCTime "17:56:49"]
[WhiteElo "1622"]
[BlackElo "1605"]
[TimeControl "60"]
[Termination "hipposcottimus won on time"]
[StartTime "17:56:49"]
[EndDate "2010.12.13"]
[EndTime "17:58:59"]
[Link "https://www.chess.com/game/live/76940329"]

1. Nf3 d5 2. b3 Bg4 3. e3 e5 4. Be2 Bxf3 5. Bxf3 e4 6. Be2 f5 7. Bb2 Nf6 8. O-O Be7 9. d3 Nc6 10. dxe4 dxe4 11. f3 O-O 12. fxe4 fxe4 13. Nc3 Qe8 14. Rf4 Bb4 15. Nxe4 Nxe4 16. Rxf8+ Qxf8 17. Qd5+ Kh8 18. Qxe4 Re8 19. Qf3 Qe7 20. Qg3 Bd6 21. Qf2 Ne5 22. Bxe5 Qxe5 23. Rd1 Qxh2+ 24. Kf1 Qh1+ 25. Qg1 Qxg1+ 26. Kxg1 Rf8 27. Bf3 Be7 28. Kf2 c6 29. Rd7 Bc5 30. Rxb7 g6 31. c4 Bb6 32. Ke2 Bd8 33. Bxc6 Bf6 34. Bd5 Rd8 35. Rxa7 h5 36. Kd3 Re8 0-1

[Event "Live Chess"]
[Site "Chess.com"]
[Date "2010.12.13"]
[Round "-"]
[White "Looser_No1"]
[Black "hipposcottimus"]
[Result "0-1"]
[CurrentPosition "r5k1/pb3pp1/7p/q1p2BrP/1p1p2P1/BP6/P1P5/2KQ2R1 w - -"]
[Timezone "UTC"]
[ECO "C45"]
[ECOUrl "https://www.chess.com/openings/Scotch-Game"]
[UTCDate "2010.12.13"]
[UTCTime "17:45:06"]
[WhiteElo "1523"]
[BlackElo "1596"]
[TimeControl "60"]
[Termination "hipposcottimus won on time"]
[StartTime "17:45:06"]
[EndDate "2010.12.13"]
[EndTime "17:46:59"]
[Link "https://www.chess.com/game/live/76937009"]

1. e4 e5 2. Nf3 Nc6 3. d4 Nf6 4. Nc3 Bb4 5. dxe5 Nxe4 6. Qd3 d5 7. Bd2 Bxc3 8. Bxc3 O-O 9. O-O-O Nxf2 10. Qe2 Nxd1 11. Qxd1 d4 12. Bb4 Re8 13. Bd3 Nxe5 14. Nxe5 Rxe5 15. h4 c5 16. Ba3 Qa5 17. h5 h6 18. g4 Rg5 19. Rg1 b5 20. Bf5 Bb7 21. b3 b4 0-1

[Event "Live Chess"]
[Site "Chess.com"]
[Date "2010.12.13"]
[Round "-"]
[White "hipposcottimus"]
[Black "Looser_No1"]
[Result "0-1"]
[CurrentPosition "7r/p1p2kpp/2b5/5P2/8/3P2rP/P4q1K/4R3 w - -"]
[Timezone "UTC"]
[ECO "C57"]
[ECOUrl "https://www.chess.com/openings/Italian-Game-Fried-Liver-Attack-6...Kxf7-7.Qf3"]
[UTCDate "2010.12.13"]
[UTCTime "17:42:57"]
[WhiteElo "1589"]
[BlackElo "1530"]
[TimeControl "60"]
[Termination "Looser_No1 won by checkmate"]
[StartTime "17:42:57"]
[EndDate "2010.12.13"]
[EndTime "17:44:53"]
[Link "https://www.chess.com/game/live/76936422"]

1. e4 e5 2. Nf3 Nc6 3. Bc4 Nf6 4. Ng5 d5 5. exd5 Nxd5 6. Nxf7 Kxf7 7. Qf3+ Qf6 8. Bxd5+ Be6 9. Bxc6 bxc6 10. Qxc6 Bd6 11. Nc3 e4 12. Nxe4 Qe5 13. d3 Bd5 14. O-O Bxc6 15. f4 Qd4+ 16. Kh1 Rab8 17. Nxd6+ Qxd6 18. f5 Qd4 19. Bf4 Rxb2 20. Bg3 Rxc2 21. Rae1 Rxg2 22. Rg1 Rxg3+ 23. Rg2 Rxg2 24. h3 Rg3+ 25. Kh2 Qf2# 0-1

[Event "Live Chess"]
[Site "Chess.com"]
[Date "2010.12.13"]
[Round "-"]
[White "hipposcottimus"]
[Black "Ferderic"]
[Result "0-1"]
[CurrentPosition "8/4R3/6pp/8/5P2/7k/2r2r2/4R1K1 w - -"]
[Timezone "UTC"]
[ECO "B07"]
[ECOUrl "https://www.chess.com/openings/Pirc-Defense-Main-Line-Byrne-Variation-4...Bg7"]
[UTCDate "2010.12.13"]
[UTCTime "08:17:08"]
[WhiteElo "1598"]
[BlackElo "2223"]
[TimeControl "60"]
[Termination "Ferderic won on time"]
[StartTime "08:17:08"]
[EndDate "2010.12.13"]
[EndTime "08:19:16"]
[Link "https://www.chess.com/game/live/76809629"]

1. e4 d6 2. d4 Nf6 3. Nc3 g6 4. Bg5 Bg7 5. Bxf6 Bxf6 6. Nf3 O-O 7. Bb5 c6 8. Be2 Na6 9. O-O Nb4 10. a3 Na6 11. Bxa6 bxa6 12. e5 dxe5 13. dxe5 Qxd1 14. Raxd1 Bg7 15. Rde1 Be6 16. Ne4 Rfb8 17. Nc5 Rxb2 18. Nxe6 fxe6 19. c3 Rd8 20. Nd4 c5 21. Nxe6 Rd3 22. Nxc5 Rdd2 23. Nxa6 Rb3 24. Nc5 Rxa3 25. Ne6 Bh6 26. g3 Rxc3 27. Kg2 Rd5 28. Ra1 Rxe5 29. Nf4 Bxf4 30. gxf4 Rf5 31. Rxa7 Kf7 32. Ra4 Rc6 33. Rd1 Rc2 34. Rf1 Rd5 35. Kf3 h6 36. Re4 Rd3+ 37. Kg2 Kf6 38. Rfe1 Rdd2 39. Re6+ Kf5 40. R6e5+ Kg4 41. h3+ Kh4 42. Rxe7 Rxf2+ 43. Kg1 Kxh3 0-1

[Event "Live Chess"]
[Site "Chess.com"]
[Date "2010.12.13"]
[Round "-"]
[White "google1212"]
[Black "hipposcottimus"]
[Result "1-0"]
[CurrentPosition "2k5/7p/1KPN1p2/6p1/8/8/7P/8 b - -"]
[Timezone "UTC"]
[ECO "A07"]
[ECOUrl "https://www.chess.com/openings/Kings-Indian-Attack-Keres-Variation-3.Bg2"]
[UTCDate "2010.12.13"]
[UTCTime "08:13:23"]
[WhiteElo "1635"]
[BlackElo "1598"]
[TimeControl "60"]
[Termination "google1212 won on time"]
[StartTime "08:13:23"]
[EndDate "2010.12.13"]
[EndTime "08:15:42"]
[Link "https://www.chess.com/game/live/76808923"]

1. Nf3 d5 2. g3 Bg4 3. Bg2 Nc6 4. O-O e5 5. c4 e4 6. Ne1 Bb4 7. cxd5 Qxd5 8. Nc3 Bxc3 9. bxc3 O-O-O 10. d3 Nf6 11. c4 Qd4 12. Be3 Qd6 13. Qa4 Nd4 14. dxe4 c5 15. Qxa7 Kd7 16. Qxb7+ Ke8 17. Bf4 Qd7 18. Qa6 Nxe2+ 19. Kh1 Nxf4 20. gxf4 Nxe4 21. Bxe4 Ke7 22. Qb5 Rhe8 23. Qxc5+ Qd6 24. Qxd6+ Rxd6 25. Bg2 Kf8 26. Nc2 Rf6 27. Nb4 Rxf4 28. Rfe1 Bf3 29. Bxf3 Rxf3 30. Re4 Rxe4 31. Rd1 Re8 32. Nc6 Rxf2 33. Ne5 Re2 34. Ng4 Re1+ 35. Rxe1 Rxe1+ 36. Kg2 Re2+ 37. Kg3 Rxa2 38. c5 Ra3+ 39. Kf4 Ra6 40. Ke5 Rc6 41. Kd5 Ke8 42. Kxc6 Ke7 43. Kb6 Kd8 44. c6 Kc8 45. Ne5 f6 46. Nf7 g5 47. Nd6+ 1-0

[Event "Live Chess"]
[Site "Chess.com"]
[Date "2010.12.13"]
[Round "-"]
[White "hipposcottimus"]
[Black "google1212"]
[Result "0-1"]
[CurrentPosition "3r4/pkp2Qpp/1p6/2p5/3q4/1P4P1/P1P4P/1KR5 w - -"]
[Timezone "UTC"]
[ECO "C00"]
[ECOUrl "https://www.chess.com/openings/French-Defense-Knight-Variation"]
[UTCDate "2010.12.13"]
[UTCTime "08:10:59"]
[WhiteElo "1605"]
[BlackElo "1628"]
[TimeControl "60"]
[Termination "google1212 won on time"]
[StartTime "08:10:59"]
[EndDate "2010.12.13"]
[EndTime "08:12:54"]
[Link "https://www.chess.com/game/live/76808510"]

1. e4 e6 2. Nf3 Ke7 3. d4 Kd6 4. Bf4+ Kc6 5. Qe2 b6 6. Nc3 Kb7 7. d5 Nc6 8. dxc6+ dxc6 9. Qa6+ Kb8 10. Qe2 Bb7 11. Bd2 Be7 12. O-O-O Bf6 13. Bg5 Bxg5+ 14. Nxg5 Qxg5+ 15. f4 Qxf4+ 16. Kb1 Qe5 17. g3 c5 18. Qd3 f5 19. Re1 fxe4 20. Nxe4 Nf6 21. Bg2 Nxe4 22. Bxe4 Bxe4 23. Rxe4 Qd5 24. Qe3 Re8 25. Re1 Kb7 26. Rxe6 Rxe6 27. Qxe6 Qd4 28. Qf7 Rd8 29. Rc1 Qd1 30. b3 Qd4 0-1

[Event "Live Chess"]
[Site "Chess.com"]
[Date "2010.12.13"]
[Round "-"]
[White "Ozairsaeed"]
[Black "hipposcottimus"]
[Result "1-0"]
[CurrentPosition "2k5/pp1r2rp/2p4P/8/4Pp2/3R1P2/PPP5/4K3 b - -"]
[Timezone "UTC"]
[ECO "A00"]
[ECOUrl "https://www.chess.com/openings/Vant-Kruijs-Opening-1...e5"]
[UTCDate "2010.12.13"]
[UTCTime "08:08:08"]
[WhiteElo "1316"]
[BlackElo "1613"]
[TimeControl "60"]
[Termination "Ozairsaeed won on time"]
[StartTime "08:08:08"]
[EndDate "2010.12.13"]
[EndTime "08:10:23"]
[Link "https://www.chess.com/game/live/76807966"]

1. e3 e5 2. h4 d5 3. Nf3 e4 4. Ng5 f6 5. Nh3 Ne7 6. g4 Nec6 7. Nc3 Na6 8. d3 Bd7 9. dxe4 Bb4 10. Qxd5 Ne7 11. Qd3 Nc5 12. Qc4 Bxc3+ 13. Qxc3 Ne6 14. Bc4 c6 15. Bxe6 Bxe6 16. Qd3 Qc7 17. Qa3 Bd7 18. e5 fxe5 19. e4 Rf8 20. Bg5 Rf7 21. Rf1 O-O-O 22. Rd1 Re8 23. Rd3 Bxg4 24. Rh1 Bxh3 25. Rhxh3 Ng6 26. h5 Nf4 27. Bxf4 exf4 28. f3 Qe7 29. Qxe7 Rexe7 30. Rg3 Rd7 31. Rxg7 Rxg7 32. h6 1-0

[Event "Live Chess"]
[Site "Chess.com"]
[Date "2010.12.13"]
[Round "-"]
[White "hipposcottimus"]
[Black "sodnomjamts"]
[Result "0-1"]
[CurrentPosition "r4rk1/pppb1pp1/4p3/4n3/2PN2p1/8/PPK2PPP/5B1R w - -"]
[Timezone "UTC"]
[ECO "B02"]
[ECOUrl "https://www.chess.com/openings/Alekhines-Defense-Two-Pawns-Attack-3...Nb6-4.d4"]
[UTCDate "2010.12.13"]
[UTCTime "08:06:14"]
[WhiteElo "1626"]
[BlackElo "1631"]
[TimeControl "60"]
[Termination "sodnomjamts won by resignation"]
[StartTime "08:06:14"]
[EndDate "2010.12.13"]
[EndTime "08:07:37"]
[Link "https://www.chess.com/game/live/76807608"]

1. e4 Nf6 2. e5 Nd5 3. c4 Nb6 4. d4 Nc6 5. Nc3 d6 6. Nf3 dxe5 7. dxe5 Qxd1+ 8. Nxd1 e6 9. Ne3 Bb4+ 10. Bd2 Bxd2+ 11. Kxd2 O-O 12. Kc2 Nd7 13. Ng4 h5 14. Rd1 hxg4 15. Rxd7 Bxd7 16. Nd4 Nxe5 0-1

[Event "Live Chess"]
[Site "Chess.com"]
[Date "2010.12.13"]
[Round "-"]
[White "CryingWolf"]
[Black "hipposcottimus"]
[Result "0-1"]
[CurrentPosition "1r6/RP4pk/5p1p/2B5/1P3P2/7P/6P1/6K1 w - -"]
[Timezone "UTC"]
[ECO "C57"]
[ECOUrl "https://www.chess.com/openings/Italian-Game-Knight-Attack-Polerio-Defense"]
[UTCDate "2010.12.13"]
[UTCTime "08:00:15"]
[WhiteElo "1499"]
[BlackElo "1634"]
[TimeControl "60"]
[Termination "hipposcottimus won on time"]
[StartTime "08:00:15"]
[EndDate "2010.12.13"]
[EndTime "08:02:21"]
[Link "https://www.chess.com/game/live/76806470"]

1. e4 e5 2. Nf3 Nc6 3. Bc4 Nf6 4. Ng5 d5 5. exd5 Na5 6. Qe2 Nxc4 7. Qxc4 Nxd5 8. O-O Qxg5 9. Qxd5 Bd6 10. d4 Qe7 11. dxe5 Bxe5 12. Re1 f6 13. f4 c6 14. Qb3 Bd4+ 15. Be3 Be6 16. Bxd4 Bxb3 17. Rxe7+ Kxe7 18. axb3 Kf7 19. Nc3 Rhe8 20. h3 Kg8 21. Bc5 b6 22. Ba3 c5 23. Nb5 a6 24. Nc7 Rad8 25. Nxe8 Rxe8 26. b4 Re2 27. bxc5 Rxc2 28. cxb6 Rc8 29. Bc5 Rb8 30. Rxa6 Rb7 31. b4 Rb8 32. Ra7 h6 33. b7 Kh7 0-1

[Event "Live Chess"]
[Site "Chess.com"]
[Date "2010.12.13"]
[Round "-"]
[White "hipposcottimus"]
[Black "CryingWolf"]
[Result "1-0"]
[CurrentPosition "r4r1k/p1Q2Bpp/1p6/6n1/8/8/PPP1q1PP/5RK1 b - -"]
[Timezone "UTC"]
[ECO "C57"]
[ECOUrl "https://www.chess.com/openings/Italian-Game-Knight-Attack-Polerio-Defense"]
[UTCDate "2010.12.13"]
[UTCTime "07:57:39"]
[WhiteElo "1629"]
[BlackElo "1504"]
[TimeControl "60"]
[Termination "hipposcottimus won on time"]
[StartTime "07:57:39"]
[EndDate "2010.12.13"]
[EndTime "07:59:49"]
[Link "https://www.chess.com/game/live/76806004"]

1. e4 e5 2. Nf3 Nc6 3. Bc4 Nf6 4. Ng5 d5 5. exd5 Na5 6. Be2 Nxd5 7. d3 Nf4 8. Ne4 Ne6 9. O-O b6 10. f4 exf4 11. Bxf4 Nxf4 12. Rxf4 Bd6 13. Rf2 O-O 14. Bh5 Bb7 15. Qf3 Bxe4 16. dxe4 Bc5 17. Bxf7+ Kh8 18. e5 Bxf2+ 19. Kxf2 Qd7 20. e6 Qe7 21. Kg1 Nc6 22. Nc3 Nd4 23. Qf2 Nxe6 24. Rf1 Ng5 25. Nd5 Qd7 26. Qf4 Qxd5 27. Qxc7 Qd2 28. Kh1 Qe2 29. Kg1 1-0

[Event "Live Chess"]
[Site "Chess.com"]
[Date "2010.12.13"]
[Round "-"]
[White "CryingWolf"]
[Black "hipposcottimus"]
[Result "1-0"]
[CurrentPosition "r1bq2nr/1pPk2pp/p1p5/8/5B2/8/PPP2PpP/RN1QR1K1 b - -"]
[Timezone "UTC"]
[ECO "C68"]
[ECOUrl "https://www.chess.com/openings/Ruy-Lopez-Opening-Morphy-Defense-Exchange-Kings-Bishop-Variation-6.d4"]
[UTCDate "2010.12.13"]
[UTCTime "07:56:22"]
[WhiteElo "1509"]
[BlackElo "1624"]
[TimeControl "60"]
[Termination "CryingWolf won by checkmate"]
[StartTime "07:56:22"]
[EndDate "2010.12.13"]
[EndTime "07:57:07"]
[Link "https://www.chess.com/game/live/76805788"]

1. e4 e5 2. Nf3 Nc6 3. Bb5 a6 4. Bxc6 dxc6 5. O-O Bd6 6. d4 f5 7. dxe5 fxe4 8. exd6 exf3 9. Re1+ Kd7 10. Bf4 fxg2 11. dxc7# 1-0

[Event "Live Chess"]
[Site "Chess.com"]
[Date "2010.12.13"]
[Round "-"]
[White "hipposcottimus"]
[Black "CryingWolf"]
[Result "1-0"]
[CurrentPosition "r5k1/ppp2p2/1b2r1p1/8/2n5/2B2N1P/PPP2PP1/RN3R1K b - -"]
[Timezone "UTC"]
[ECO "C55"]
[ECOUrl "https://www.chess.com/openings/Italian-Game-Anti-Fried-Liver-Defense"]
[UTCDate "2010.12.13"]
[UTCTime "07:54:10"]
[WhiteElo "1634"]
[BlackElo "1497"]
[TimeControl "60"]
[Termination "hipposcottimus won on time"]
[StartTime "07:54:10"]
[EndDate "2010.12.13"]
[EndTime "07:56:11"]
[Link "https://www.chess.com/game/live/76805364"]

1. e4 e5 2. Nf3 Nc6 3. Bc4 h6 4. d4 exd4 5. Nxd4 Bc5 6. Nb3 Bb6 7. Qf3 Nf6 8. Bf4 d6 9. O-O Bg4 10. Qg3 O-O 11. Kh1 Qd7 12. h3 Nxe4 13. Qxg4 Qd8 14. Bxh6 g6 15. Qxe4 d5 16. Bxd5 Re8 17. Qf4 Qxd5 18. Qf6 Qe5 19. Bg7 Qxf6 20. Bxf6 Re6 21. Bc3 Ne5 22. N3d2 Nc4 23. Nf3 1-0

[Event "Live Chess"]
[Site "Chess.com"]
[Date "2010.12.13"]
[Round "-"]
[White "CryingWolf"]
[Black "hipposcottimus"]
[Result "1-0"]
[CurrentPosition "5r1k/p1p1b1Q1/1p5P/4p3/2p1P3/3P2PP/PPP5/R4RK1 b - -"]
[Timezone "UTC"]
[ECO "C65"]
[ECOUrl "https://www.chess.com/openings/Ruy-Lopez-Opening-Berlin-Defense-4.Bxc6-dxc6"]
[UTCDate "2010.12.13"]
[UTCTime "07:52:08"]
[WhiteElo "1502"]
[BlackElo "1629"]
[TimeControl "60"]
[Termination "CryingWolf won by checkmate"]
[StartTime "07:52:08"]
[EndDate "2010.12.13"]
[EndTime "07:53:46"]
[Link "https://www.chess.com/game/live/76804965"]

1. e4 e5 2. Nf3 Nc6 3. Bb5 Nf6 4. Bxc6 dxc6 5. O-O Bg4 6. h3 Bh5 7. Nc3 Bd6 8. Qe2 c5 9. Qe3 O-O 10. d3 b6 11. Ng5 c4 12. Qg3 Bg6 13. Nf3 Nh5 14. Qg4 Re8 15. Nh4 Re7 16. Bg5 f6 17. Nxg6 fxg5 18. Nxe7+ Qxe7 19. Qxh5 Qf6 20. Qg4 Rf8 21. Nd5 Be7 22. Nxf6+ Bxf6 23. f3 Be7 24. g3 Bd6 25. f4 Be7 26. fxg5 h5 27. gxh6 g6 28. Qxg6+ Kh8 29. Qg7# 1-0

[Event "Live Chess"]
[Site "Chess.com"]
[Date "2010.12.13"]
[Round "-"]
[White "hipposcottimus"]
[Black "CryingWolf"]
[Result "1-0"]
[CurrentPosition "6k1/2p2p1p/p1p2p2/3p1q2/7P/5b1R/PP4PK/8 b - -"]
[Timezone "UTC"]
[ECO "C50"]
[ECOUrl "https://www.chess.com/openings/Italian-Game"]
[UTCDate "2010.12.13"]
[UTCTime "07:49:50"]
[WhiteElo "1639"]
[BlackElo "1490"]
[TimeControl "60"]
[Termination "hipposcottimus won on time"]
[StartTime "07:49:50"]
[EndDate "2010.12.13"]
[EndTime "07:51:49"]
[Link "https://www.chess.com/game/live/76804499"]

1. e4 e5 2. Nf3 Nc6 3. Bc4 a6 4. d4 exd4 5. Nxd4 Bc5 6. Nxc6 bxc6 7. Qd2 Nf6 8. Bb3 O-O 9. Qe2 Nxe4 10. f3 Nf6 11. Nc3 Re8 12. Ne4 d5 13. Nxf6+ gxf6 14. Be3 Rxe3 15. Qxe3 Bxe3 16. Ke2 Qe7 17. Rae1 Bc5+ 18. Kd2 Bb4+ 19. c3 Qd6 20. cxb4 Qxb4+ 21. Kc2 Bf5+ 22. Kc1 Rb8 23. Bc2 Qc5 24. Re2 Rb4 25. Kd2 Rd4+ 26. Ke1 Bxc2 27. Kf2 Rd2+ 28. Ke1 Rxe2+ 29. Kxe2 Qc4+ 30. Kf2 Qd3 31. Kg3 Qf5 32. h4 Be4 33. Rh3 Bxf3 34. Kh2 1-0

[Event "Live Chess"]
[Site "Chess.com"]
[Date "2010.12.13"]
[Round "-"]
[White "Blind_Demon"]
[Black "hipposcottimus"]
[Result "0-1"]
[CurrentPosition "1r4k1/5ppp/8/1B6/1Q1P4/4P1PP/5PK1/2q5 w - -"]
[Timezone "UTC"]
[ECO "A20"]
[ECOUrl "https://www.chess.com/openings/English-Opening-Kings-English-Variation-2.g3-Nf6-3.Bg2"]
[UTCDate "2010.12.13"]
[UTCTime "07:47:39"]
[WhiteElo "1491"]
[BlackElo "1634"]
[TimeControl "60"]
[Termination "hipposcottimus won on time"]
[StartTime "07:47:39"]
[EndDate "2010.12.13"]
[EndTime "07:49:31"]
[Link "https://www.chess.com/game/live/76804110"]

1. c4 e5 2. g3 Nf6 3. Bg2 e4 4. Nc3 d5 5. cxd5 Bb4 6. a3 Bxc3 7. bxc3 Nxd5 8. Bxe4 Nf6 9. Bg2 O-O 10. Nf3 Re8 11. d4 Bg4 12. e3 Nc6 13. O-O Na5 14. Bd2 Nc4 15. Qc1 Ne4 16. h3 Bxf3 17. Bxf3 Nexd2 18. Rd1 Rb8 19. Rxd2 Nxd2 20. Qxd2 c6 21. c4 Qc7 22. Bg2 b5 23. Rb1 a6 24. cxb5 axb5 25. a4 Re6 26. axb5 Rxb5 27. Rxb5 cxb5 28. Qb4 Qb6 29. Bf3 Re8 30. Be2 Qc6 31. Bxb5 Qc1+ 32. Kg2 Rb8 0-1

[Event "Live Chess"]
[Site "Chess.com"]
[Date "2010.12.13"]
[Round "-"]
[White "hipposcottimus"]
[Black "jigaar"]
[Result "0-1"]
[CurrentPosition "5rk1/4p2p/q1p1p1p1/2Pp4/8/pP4B1/P1P3PP/5RK1 b - -"]
[Timezone "UTC"]
[ECO "A06"]
[ECOUrl "https://www.chess.com/openings/Reti-Opening-Tennison-Gambit"]
[UTCDate "2010.12.13"]
[UTCTime "07:45:26"]
[WhiteElo "1629"]
[BlackElo "1948"]
[TimeControl "60"]
[Termination "jigaar won by resignation"]
[StartTime "07:45:26"]
[EndDate "2010.12.13"]
[EndTime "07:47:02"]
[Link "https://www.chess.com/game/live/76803666"]

1. e4 d5 2. Nf3 Nf6 3. e5 Ne4 4. d4 Ng5 5. Nc3 Ne6 6. Bb5+ c6 7. Be2 b5 8. O-O b4 9. Na4 a5 10. Nc5 Ba6 11. Nxe6 fxe6 12. Bxa6 Nxa6 13. Re1 g6 14. Be3 Bg7 15. Nd2 O-O 16. f4 Rf7 17. Rf1 Qd7 18. Bf2 Raf8 19. Bg3 Qc7 20. Nb3 a4 21. Nc5 Nxc5 22. dxc5 Qa7 23. b3 a3 24. Qd4 Qa6 25. Qxb4 Bxe5 26. Qc3 Bxc3 27. f5 Bxa1 28. Rxa1 Rxf5 29. Re1 Rf1+ 30. Rxf1 0-1